TOP OF THE 1ST |
St. Louis Browns batting - Pitching for Kansas City Kings : RHP Ron Young
|
Pitching: RHP Ron Young
|
|
Batting: SHB Ryobe Yamamoto
|
0-0: Called Strike 0-1: Ball 1-1: Swinging Strike 1-2: Ball 2-2: Ground out 6-3 (Groundball, 6S)
|
Batting: LHB Joe Sanders
|
0-0: Foul Ball, location: 2F 0-1: Fly out, F8 (Line Drive, 89M)
|
Batting: LHB Jorge Torres
|
0-0: Called Strike 0-1: Ball 1-1: Foul Ball, location: 2F 1-2: Strikes out looking
|
Top of the 1st over - 0 run(s), 0 hit(s), 0 error(s), 0 left on base; St. Louis 0 - Kansas City 0 |
BOTTOM OF THE 1ST |
Kansas City Kings batting - Pitching for St. Louis Browns : RHP Armando Avilés
|
Pitching: RHP Armando Avilés
|
|
Batting: RHB Chris Chandler
|
0-0: Foul Ball, location: 2F 0-1: Ball 1-1: Foul Ball, location: 2F 1-2: SINGLE (Groundball, 6MD)
|
Batting: LHB Luis González
|
0-0: Ball 1-0: Ball 2-0: Ball 3-0: Base on Balls Chris Chandler to second
|
Batting: LHB Brian Boone
|
0-0: Ball 1-0: Foul Ball, location: 2F 1-1: Called Strike 1-2: Ball 2-2: Ball 3-2: Ground out 3-1 (Groundball, 3S) Chris Chandler to third Luis González to second
|
Batting: RHB Toshimichi Kono
|
0-0: Foul Ball, location: 2F 0-1: Foul Ball, location: 2F 0-2: Ground out 6-3 (Groundball, 6) Chris Chandler scores
|
Batting: SHB Douglas Taylor
|
0-0: Ball 1-0: Ball 2-0: Called Strike 2-1: Ball 3-1: Foul Ball, location: 2F 3-2: Base on Balls
|
Batting: RHB Dave Parker
|
0-0: Fly out, F7 (Line Drive, 7S)
|
Bottom of the 1st over - 1 run(s), 1 hit(s), 0 error(s), 2 left on base; St. Louis 0 - Kansas City 1 |
TOP OF THE 2ND |
St. Louis Browns batting - Pitching for Kansas City Kings : RHP Ron Young
|
Batting: LHB Robin Hill
|
0-0: Foul Ball, location: 2F 0-1: Foul Ball, location: 2F 0-2: Ball 1-2: Ball 2-2: DOUBLE (Line Drive, 8LD)
|
Batting: LHB Stan Hickman
|
0-0: Foul Ball, location: 2F 0-1: Swinging Strike 0-2: Foul Ball, location: 2F 0-2: Ball 1-2: Ball 2-2: Foul Ball, location: 2F 2-2: Foul Ball, location: 2F 2-2: Foul Ball, location: 2F 2-2: Ball 3-2: Fly out, F9 (Flyball, 9LM)
|
Batting: RHB Anthony Rucker
|
0-0: Ball Robin Hill steals 3rd base 1-0: Ground out 5-3 (Groundball, 56) Robin Hill scores
|
Batting: RHB José Flores
|
0-0: Ball 1-0: Ball 2-0: Ball 3-0: Called Strike 3-1: Base on Balls
|
Batting: LHB Tommy Evans
|
0-0: Ball 1-0: Ball 2-0: Ball José Flores steals 2nd base 3-0: Swinging Strike 3-1: Swinging Strike 3-2: Strikes out swinging
|
Top of the 2nd over - 1 run(s), 1 hit(s), 0 error(s), 1 left on base; St. Louis 1 - Kansas City 1 |
BOTTOM OF THE 2ND |
Kansas City Kings batting - Pitching for St. Louis Browns : RHP Armando Avilés
|
Batting: LHB Bruno Lalonde
|
0-0: Called Strike 0-1: Fly out, F6 (Popup, 5D)
|
Batting: SHB António De La Cruz
|
0-0: SINGLE (Groundball, 4MD)
|
Batting: RHB Tony Quinn
|
0-0: Ball 1-0: Foul Ball, location: 2F 1-1: Called Strike 1-2: Ball 2-2: Foul Ball, location: 2F 2-2: Foul Ball, location: 2F 2-2: Fly out, F8 (Flyball, 89M)
|
Batting: RHB Chris Chandler
|
0-0: Ball 1-0: Fly out, F5 (Popup, 5L)
|
Bottom of the 2nd over - 0 run(s), 1 hit(s), 0 error(s), 1 left on base; St. Louis 1 - Kansas City 1 |
TOP OF THE 3RD |
St. Louis Browns batting - Pitching for Kansas City Kings : RHP Ron Young
|
Batting: LHB Pepe Vázquez
|
0-0: Called Strike 0-1: Called Strike 0-2: Strikes out swinging
|
Batting: SHB Ryobe Yamamoto
|
0-0: Ball 1-0: Called Strike 1-1: Foul Ball, location: 2F 1-2: Foul Ball, location: 2F 1-2: Ball 2-2: Ground out U3 (Groundball, 3S)
|
Batting: LHB Joe Sanders
|
0-0: Called Strike 0-1: Foul Ball, location: 2F 0-2: Ball 1-2: Ball 2-2: Foul Ball, location: 2F 2-2: Fly out, F7 (Flyball, 7S)
|
Top of the 3rd over - 0 run(s), 0 hit(s), 0 error(s), 0 left on base; St. Louis 1 - Kansas City 1 |
BOTTOM OF THE 3RD |
Kansas City Kings batting - Pitching for St. Louis Browns : RHP Armando Avilés
|
Batting: LHB Luis González
|
0-0: Ball 1-0: Ground out 4-3 (Groundball, 34D)
|
Batting: LHB Brian Boone
|
0-0: Fly out, F7 (Flyball, 78M)
|
Batting: RHB Toshimichi Kono
|
0-0: Ground out 4-3 (Groundball, 4)
|
Bottom of the 3rd over - 0 run(s), 0 hit(s), 0 error(s), 0 left on base; St. Louis 1 - Kansas City 1 |
TOP OF THE 4TH |
St. Louis Browns batting - Pitching for Kansas City Kings : RHP Ron Young
|
Batting: LHB Jorge Torres
|
0-0: Ball 1-0: SINGLE (Line Drive, 34)
|
Batting: LHB Robin Hill
|
0-0: Ball 1-0: Called Strike 1-1: Grounds into double play, 4-6-3 (Groundball, 34)
|
Batting: LHB Stan Hickman
|
0-0: Called Strike 0-1: Swinging Strike 0-2: Strikes out swinging
|
Top of the 4th over - 0 run(s), 1 hit(s), 0 error(s), 0 left on base; St. Louis 1 - Kansas City 1 |
BOTTOM OF THE 4TH |
Kansas City Kings batting - Pitching for St. Louis Browns : RHP Armando Avilés
|
Batting: SHB Douglas Taylor
|
0-0: Ball 1-0: Ball 2-0: Foul Ball, location: 2F 2-1: Called Strike 2-2: Foul Ball, location: 2F 2-2: Fly out, F4 (Popup, 4MD)
|
Batting: RHB Dave Parker
|
0-0: Ball 1-0: Swinging Strike 1-1: Fly out, F8 (Flyball, 8RM)
|
Batting: LHB Bruno Lalonde
|
0-0: Foul Ball, location: 2F 0-1: Ball 1-1: Ball 2-1: Foul Ball, location: 2F 2-2: Ball 3-2: Foul Ball, location: 2F 3-2: SINGLE (Groundball, 4MD)
|
Batting: SHB António De La Cruz
|
0-0: Ball 1-0: Ball 2-0: Called Strike 2-1: Swinging Strike 2-2: Strikes out swinging
|
Bottom of the 4th over - 0 run(s), 1 hit(s), 0 error(s), 1 left on base; St. Louis 1 - Kansas City 1 |
TOP OF THE 5TH |
St. Louis Browns batting - Pitching for Kansas City Kings : RHP Ron Young
|
Batting: RHB Anthony Rucker
|
0-0: Ball 1-0: Ball 2-0: SINGLE (Line Drive, 6M)
|
Batting: RHB José Flores
|
0-0: Foul Ball, location: 2F 0-1: Called Strike 0-2: Ball 1-2: Ball 2-2: Fly out, F5 (Line Drive, 5L)
|
Batting: LHB Tommy Evans
|
0-0: Swinging Strike 0-1: Fielders Choice at 2nd, 1-6 (Groundball, 13)
|
Batting: LHB Pepe Vázquez
|
0-0: Ball 1-0: SINGLE (Groundball, 34D) Tommy Evans to second Runner from 2nd tries for 3rd, SAFE, throw made to third
|
Batting: SHB Ryobe Yamamoto
|
0-0: Ball 1-0: Ball 2-0: Ball 3-0: Base on Balls Pepe Vázquez to second
|
Batting: LHB Joe Sanders
|
0-0: Ball 1-0: Foul Ball, location: 2F 1-1: Foul Ball, location: 2F 1-2: Ground out 3-1 (Groundball, 34)
|
Top of the 5th over - 0 run(s), 2 hit(s), 0 error(s), 3 left on base; St. Louis 1 - Kansas City 1 |
BOTTOM OF THE 5TH |
Kansas City Kings batting - Pitching for St. Louis Browns : RHP Armando Avilés
|
Batting: RHB Tony Quinn
|
0-0: Called Strike 0-1: Foul Ball, location: 2F 0-2: Ball 1-2: Ball 2-2: Ball 3-2: Fly out, F4 (Line Drive, 4M)
|
Batting: RHB Chris Chandler
|
0-0: Called Strike 0-1: Ball 1-1: Fly out, F7 (Flyball, 7S)
|
Batting: LHB Luis González
|
0-0: Ball 1-0: Foul Ball, location: 2F 1-1: Called Strike 1-2: Ball 2-2: Foul Ball, location: 2F 2-2: Ball 3-2: Foul Ball, location: 2F 3-2: SOLO HOME RUN (Flyball, 89XD), Distance : 389 ft
|
Batting: LHB Brian Boone
|
0-0: Called Strike 0-1: Foul Ball, location: 2F 0-2: Ball 1-2: Strikes out looking
|
Bottom of the 5th over - 1 run(s), 1 hit(s), 0 error(s), 0 left on base; St. Louis 1 - Kansas City 2 |
TOP OF THE 6TH |
St. Louis Browns batting - Pitching for Kansas City Kings : RHP Ron Young
|
Pitching: RHP Nariaki Tanaka
|
|
Batting: LHB Jorge Torres
|
0-0: Called Strike 0-1: Ground out 6-3 (Groundball, 6)
|
Batting: LHB Robin Hill
|
0-0: Called Strike 0-1: Fly out, F7 (Flyball, 7LS)
|
Batting: LHB Stan Hickman
|
0-0: Foul Ball, location: 2F 0-1: Ball 1-1: Swinging Strike 1-2: Strikes out swinging
|
Top of the 6th over - 0 run(s), 0 hit(s), 0 error(s), 0 left on base; St. Louis 1 - Kansas City 2 |
BOTTOM OF THE 6TH |
Kansas City Kings batting - Pitching for St. Louis Browns : RHP Armando Avilés
|
Batting: RHB Toshimichi Kono
|
0-0: Fly out, F8 (Flyball, 8RD)
|
Batting: SHB Douglas Taylor
|
0-0: Swinging Strike 0-1: Ball 1-1: Called Strike 1-2: Strikes out swinging
|
Batting: RHB Dave Parker
|
0-0: Ball 1-0: Fly out, F8 (Flyball, 8LM)
|
Bottom of the 6th over - 0 run(s), 0 hit(s), 0 error(s), 0 left on base; St. Louis 1 - Kansas City 2 |
TOP OF THE 7TH |
St. Louis Browns batting - Pitching for Kansas City Kings : RHP Nariaki Tanaka
|
Batting: RHB Anthony Rucker
|
0-0: Ball 1-0: Swinging Strike 1-1: Called Strike 1-2: SINGLE (Line Drive, 89S)
|
Pinch Hitting: LHB Junior Coates
|
0-0: Ball 1-0: Swinging Strike 1-1: Foul Ball, location: 2F 1-2: 2-RUN HOME RUN (Line Drive, 9LD), Distance : 371 ft
|
Pitching: RHP Mike Hodges
|
|
Batting: LHB Tommy Evans
|
0-0: Called Strike 0-1: Called Strike 0-2: Ball 1-2: Strikes out swinging
|
Batting: LHB Pepe Vázquez
|
0-0: Called Strike 0-1: Ball 1-1: Called Strike 1-2: Strikes out swinging
|
Batting: SHB Ryobe Yamamoto
|
0-0: Ball 1-0: Called Strike 1-1: Foul Ball, location: 2F 1-2: Ground out 6-3 (Groundball, 6)
|
Top of the 7th over - 2 run(s), 2 hit(s), 0 error(s), 0 left on base; St. Louis 3 - Kansas City 2 |
BOTTOM OF THE 7TH |
Kansas City Kings batting - Pitching for St. Louis Browns : RHP Armando Avilés
|
Now at 3B: Junior Coates
|
|
Batting: LHB Bruno Lalonde
|
0-0: DOUBLE (Line Drive, 9LD)
|
Pitching: RHP John Allan
|
|
Batting: SHB António De La Cruz
|
0-0: Ball 1-0: Ball 2-0: Called Strike 2-1: Foul Ball, location: 2F 2-2: Ball 3-2: DOUBLE (Line Drive, 9LS) Bruno Lalonde scores
|
Pinch Hitting: LHB Ray Spencer
|
0-0: Foul Ball, location: 2F 0-1: Called Strike 0-2: Ball 1-2: DOUBLE (Line Drive, 9LM) António De La Cruz scores
|
Batting: RHB Chris Chandler
|
0-0: DOUBLE (Line Drive, 7LM) Ray Spencer scores
|
Pitching: LHP Luis Noriega
|
|
Batting: LHB Luis González
|
0-0: Intentional Walk
|
Pitching: RHP Beau Brown
|
|
Batting: LHB Brian Boone
|
0-0: Swinging Strike 0-1: Ball 1-1: Foul Ball, location: 2F 1-2: Foul Ball, location: 2F 1-2: Foul Ball, location: 2F 1-2: Ball 2-2: Strikes out swinging
|
Batting: RHB Toshimichi Kono
|
0-0: SINGLE (Line Drive, 78S) Chris Chandler to third Luis González to second Runner from 3rd tries for Home, SAFE, no throw
|
Batting: SHB Douglas Taylor
|
0-0: Foul Ball, location: 2F 0-1: Called Strike 0-2: Fly out, F9 (Flyball, 89M)
|
Batting: RHB Dave Parker
|
0-0: Called Strike 0-1: Ground out U3 (Groundball, 34)
|
Bottom of the 7th over - 4 run(s), 5 hit(s), 0 error(s), 2 left on base; St. Louis 3 - Kansas City 6 |
TOP OF THE 8TH |
St. Louis Browns batting - Pitching for Kansas City Kings : RHP Mike Hodges
|
Now in LF: Ray Spencer
|
|
Batting: LHB Joe Sanders
|
0-0: Ball 1-0: Ball 2-0: Called Strike 2-1: Called Strike 2-2: Ball 3-2: Ground out 5-3 (Groundball, 56)
|
Batting: LHB Jorge Torres
|
0-0: Called Strike 0-1: Fly out, F9 (Flyball, 9)
|
Batting: LHB Robin Hill
|
0-0: Called Strike 0-1: Ball 1-1: Ground out U3 (Groundball, 34)
|
Top of the 8th over - 0 run(s), 0 hit(s), 0 error(s), 0 left on base; St. Louis 3 - Kansas City 6 |
BOTTOM OF THE 8TH |
Kansas City Kings batting - Pitching for St. Louis Browns : RHP Beau Brown
|
Batting: LHB Bruno Lalonde
|
0-0: Called Strike 0-1: Swinging Strike 0-2: Strikes out swinging
|
Batting: SHB António De La Cruz
|
0-0: Ball 1-0: Fly out, F7 (Line Drive, 78D)
|
Batting: LHB Ray Spencer
|
0-0: Swinging Strike 0-1: SINGLE (Groundball, 56D)
|
Batting: RHB Chris Chandler
|
0-0: Ball 1-0: Foul Ball, location: 2F 1-1: Fielders Choice at 2nd, 4-6 (Groundball, 4)
|
Bottom of the 8th over - 0 run(s), 1 hit(s), 0 error(s), 0 left on base; St. Louis 3 - Kansas City 6 |
TOP OF THE 9TH |
St. Louis Browns batting - Pitching for Kansas City Kings : RHP Mike Hodges
|
Pitching: RHP Alberto Bonilla
|
|
Batting: LHB Stan Hickman
|
0-0: Ball 1-0: Swinging Strike 1-1: Ball 2-1: Foul Ball, location: 2F 2-2: Ball 3-2: SINGLE (Line Drive, 8LS)
|
Batting: RHB Anthony Rucker
|
0-0: Ball 1-0: Ball 2-0: Ball 3-0: Called Strike 3-1: Base on Balls Stan Hickman to second
|
Batting: LHB Junior Coates
|
0-0: Called Strike 0-1: Ball 1-1: Called Strike 1-2: Ball 2-2: Strikes out swinging
|
Batting: LHB Tommy Evans
|
0-0: Called Strike 0-1: Swinging Strike 0-2: Ball 1-2: Strikes out swinging
|
Batting: LHB Pepe Vázquez
|
0-0: Fielders Choice at 2nd, 4-6 (Groundball, 4)
|
Top of the 9th over - 0 run(s), 1 hit(s), 0 error(s), 1 left on base; St. Louis 3 - Kansas City 6 |
|